 Dungeon Crawl Stone Soup version 0.28-a0-1506-g3893175d92 (webtiles) character file.

Game seed: 3137003096998205341

4480 porpoise the Grappler (level 10, -3/79 HPs)
             Began as a Demonspawn Transmuter on Jan 13, 2022.
             Slain by an orc warrior (15 damage)
             ... on level 8 of the Dungeon.
             The game lasted 00:42:42 (8453 turns).

porpoise the Grappler (Demonspawn Transmuter)       Turns: 8453, Time: 00:42:42

Health: -3/79      AC:  9    Str: 16    XL:     10   Next: 16%
Magic:  13/13      EV: 14    Int: 12    God:
Gold:   75         SH:  0    Dex: 13    Spells: 10/13 levels left

rFire   . . .      SeeInvis .     - Unarmed
rCold   . . .      Faith    .   (no shield)
rNeg    . . .      Spirit   .   L - +0 leather armour
rPois   .          Reflect  .   (helmet currently unavailable)
rElec   .          Harm     .   n - +1 cloak
rCorr   +          Rampage  .   p - +0 pair of gloves
Will    +....                   (boots currently unavailable)
Stlth   +++.......              h - amulet of regeneration
HPRegen 1.03/turn               J - ring of resist corrosion
MPRegen 0.13/turn               (no ring)

@: appendages (expiring)
A: horns 2, talons 2, molten scales 2, ignite blood 1, demonic magic 1, dopey 1,
strong-willed 1
a: End Transformation


You were on level 8 of the Dungeon.
You had temporarily grown beastly horns and talons.
You visited 2 branches of the dungeon, and saw 9 of its levels.
You also visited: Ossuary.

You collected 350 gold pieces.
You spent 275 gold pieces at shops.

Inventory:

Hand Weapons
 b - a +1 hunting sling
 w - a +2 dagger of draining
Missiles
 a - 14 poisoned darts (quivered)
 d - 252 stones
 f - 58 sling bullets
 q - 37 bolts
 y - a boomerang
 M - 63 arrows
 N - 5 atropa-tipped darts
Armour
 c - a +0 pair of boots (melded)
 n - a +1 cloak (worn)
 o - the +0 ring mail of Impressiveness {Drain rPois Regen+ Dex+7}
   (You found it on level 4 of the Dungeon)

   Dex:       It affects your dexterity (+7).
   rPois:     It protects you from poison.
   Regen:     It increases your rate of health regeneration.
   Drain:     It drains your maximum health when unequipped.
 p - a +0 pair of gloves (worn)
 s - an orb of guile
 L - a +0 leather armour (worn)
 O - an orb of wrath
Magical Staves
 A - a staff of conjuration
 B - a staff of cold
 H - a staff of death
Jewellery
 h - an amulet of regeneration (around neck)
 i - an amulet of guardian spirit
 J - a ring of resist corrosion (left hand)
Wands
 r - a wand of charming (10)
 P - a wand of polymorph (10)
 Q - a wand of iceblast (3)
Scrolls
 e - 2 scrolls of amnesia
 g - 5 scrolls of teleportation
 m - 2 scrolls of fear
 C - 3 scrolls of magic mapping
 F - a scroll of enchant armour
 K - 5 scrolls of fog
Potions
 j - a potion of berserk rage
 k - 6 potions of curing
 l - 3 potions of resistance
 t - 2 potions of invisibility
 u - a potion of flight
 v - a potion of mutation
 x - 4 potions of lignification
 z - 3 potions of haste
 D - 4 potions of might
 E - 2 potions of brilliance {unknown}
 G - 3 potions of heal wounds
 I - a potion of magic {unknown}


   Skills:
 - Level 7.0 Fighting
 - Level 2.0 Short Blades
 * Level 3.8 Armour
 * Level 6.0 Dodging
 - Level 5.0 Stealth
 - Level 8.0 Unarmed Combat
 - Level 2.0 Spellcasting
 + Level 3.7 Transmutations


You had 10 spell levels left.
You knew the following spells:

 Your Spells              Type           Power      Damage    Failure   Level
a - Beastly Appendage     Tmut           20%        N/A       7%          1
w - Wereblood             Tmut           10%        N/A       11%         2

Your spell library contained the following spells:

 Spells                   Type           Power      Damage    Failure   Level
 Passwall                 Tmut/Erth      4%         N/A       22%         2
 Spider Form              Tmut/Pois      5%         N/A       41%         3
 Ensorcelled Hibernation  Hex/Ice        2%         N/A       43%         2
 Swiftness                Air            1%         N/A       67%         3
 Ice Form                 Ice/Tmut       5%         N/A       83%         4


Dungeon Overview and Level Annotations

Branches:
Dungeon (8/15)             Temple (1/1) D:7         Ossuary (visited)
   Lair: D:8-11

Altars:
Ashenzari
Cheibriados
Dithmenos
Fedhas
Gozag
Hepliaklqana
Kikubaaqudgha
Nemelex Xobeh
Qazlal
Ru
Sif Muna
Trog
Uskayaw
Vehumet
Wu Jian
Xom
Yredelemnul
Zin
The Shining One

Shops:
D:6 !


Innate Abilities, Weirdness & Mutations

You have temporarily grown beastly horns and talons.
You are mostly covered in molten scales. (AC +3)
Your demonic aura sometimes causes spilled blood to erupt in flames.
Spells you cast may paralyse adjacent enemies.
You are dopey. (Int -2)
You are strong-willed. (Will+)


Message History

The killer bee stings you but does no damage.
The steam dragon breathes steam at you. The ball of steam hits you!
The killer bee barely misses you. The orc warrior misses you.
You hear a shout!
You feel sick.
The orc warrior throws a boomerang of dispersal.
The boomerang of dispersal closely misses you.
You punch the steam dragon!
You kill the steam dragon!
Your transformation is almost over.
You feel sick.
Your Dodging skill increases to level 6!
You feel sick. The killer bee stings you!
You punch the killer bee!
The killer bee is almost dead.
The killer bee closely misses you. x2
You miss the killer bee. Your kick misses the killer bee.
The killer bee is almost dead.
You feel sick.
The killer bee stings you but does no damage. x2
The orc warrior throws a boomerang of dispersal.
The boomerang of dispersal misses you.
You feel sick.
The orc warrior throws a boomerang of dispersal.
The boomerang of dispersal barely misses you.
You feel sick. The killer bee misses you.
The orc warrior hits you from afar with a +0 glaive!
* * * LOW HITPOINT WARNING * * *
The killer bee barely misses you.
You feel sick.
You are no longer poisoned.
The killer bee closely misses you. The killer bee closely misses you.
You closely miss the killer bee. Your kick misses the killer bee.
You headbutt the killer bee. Your punch misses the killer bee.
The killer bee is almost dead.
The killer bee barely misses you.
The orc warrior hits you from afar with a +0 glaive!
You die...

### #.. #.. #.. #.. #..
######### ###..
##.oy@...#########....
####..#####..#........#..
#....## ##...########..
#...## ##............
#..( ############# .'...
############# ...#..(
#............ .(##)..
############# .# #(..


You could see an orc warrior and a killer bee.

Vanquished Creatures
  A two-headed ogre (D:8)
  A shining eye (D:7)
  A steam dragon (D:8)
  An ice beast (Temple)
  3 black bears
  A hornet zombie (Ossuary)
  2 necrophages
  2 ogres (D:5)
  A centaur (D:6)
  A phantom (D:7)
  2 bullfrogs
  2 scorpions
  2 wyvern zombies
  3 water moccasin zombies
  5 wights
  3 killer bees (D:8)
  2 electric eels (D:6)
  A vampire bat (D:4)
  4 bullfrog zombies (Ossuary)
  6 centaur zombies
  2 hounds
  A centaur skeleton (D:7)
  3 gnoll shamans
  11 mummies (Ossuary)
  4 bullfrog skeletons
  6 iguanas
  A scorpion zombie (D:5)
  2 killer bee zombies
  A howler monkey skeleton (D:5)
  2 howler monkey zombies (D:7)
  9 gnolls
  7 adders
  3 white imps
  3 worms
  2 dart slugs
  3 fire bats (D:4)
  9 orcs
  2 spectral bats (D:4)
  7 ball pythons
  3 bat skeletons (D:4)
  A bat zombie (D:4)
  5 endoplasms
  2 giant cockroaches
  5 goblins
  6 hobgoblins
  6 jackals
  8 kobolds
  5 quokkas
  12 bats
  A bat simulacrum (D:4)
  4 frilled lizards
  4 rats
184 creatures vanquished.

Vanquished Creatures (others)
  4 fungi (D:6)
  12 withered plants
16 creatures vanquished.

Grand Total: 200 creatures vanquished

Notes
Turn   | Place    | Note
-------+----------+-------------------------------------------
     0 | D:1      | porpoise the Demonspawn Transmuter began the quest for the
                  | Orb.
     0 | D:1      | Reached XP level 1. HP: 15/15 MP: 3/3
   220 | D:1      | Gained mutation: Spells you cast may paralyse adjacent
                  | enemies. [demonic ancestry]
   220 | D:1      | Reached XP level 2. HP: 21/21 MP: 3/5
   261 | D:1      | Reached skill level 3 in Unarmed Combat
   640 | D:2      | Reached skill level 1 in Stealth
   789 | D:2      | Reached XP level 3. HP: 27/27 MP: 6/6
   807 | D:2      | You fall into a shaft and drop 2 floors!
   929 | D:4      | Reached XP level 4. HP: 32/34 MP: 5/7
  1026 | D:4      | Identified the +0 ring mail of Impressiveness {Drain rPois
                  | Regen+ Dex+7}
  1112 | D:3      | Found a faded altar of an unknown god.
  1187 | D:2      | Reached XP level 5. HP: 41/41 MP: 8/8
  1359 | D:2      | Reached skill level 4 in Unarmed Combat
  2324 | D:4      | Learned a level 2 spell: Wereblood
  2710 | D:4      | Gained mutation: Your demonic aura sometimes causes spilled
                  | blood to erupt in flames. [demonic ancestry]
  2710 | D:4      | Reached XP level 6. HP: 48/48 MP: 6/9
  3323 | D:5      | Entered Level 5 of the Dungeon
  3437 | D:5      | Reached skill level 5 in Unarmed Combat
  3437 | D:5      | Reached XP level 7. HP: 51/55 MP: 8/10
  3472 | D:5      | Reached skill level 1 in Short Blades
  3509 | D:5      | Reached skill level 5 in Fighting
  3802 | D:5      | Found a sand-covered staircase.
  3811 | Ossuary  | Entered an ossuary
  3918 | Ossuary  | Reached XP level 8. HP: 59/63 MP: 9/11
  3957 | Ossuary  | Reached skill level 6 in Unarmed Combat
  4482 | D:5      | Found a hide-covered altar of Uskayaw.
  4667 | D:5      | Reached skill level 7 in Unarmed Combat
  5084 | D:6      | Gained mutation: You are partially covered in molten
                  | scales. (AC +2) [demonic ancestry]
  5084 | D:6      | Reached XP level 9. HP: 68/72 MP: 8/12
  5170 | D:6      | Reached skill level 5 in Stealth
  5338 | D:6      | Upgraded the game from 0.28-a0-1493-g08698888e4 to
                  | 0.28-a0-1506-g3893175d92
  5538 | D:6      | Found Ischul's Distillery.
  5550 | D:6      | Bought a potion of invisibility for 88 gold pieces
  5550 | D:6      | Bought a potion of might for 44 gold pieces
  5550 | D:6      | Bought a potion of heal wounds for 55 gold pieces
  5691 | D:6      | Found a basalt altar of Yredelemnul.
  6313 | D:7      | Found a staircase to the Ecumenical Temple.
  6331 | Temple   | Entered the Ecumenical Temple
  6771 | D:7      | Reached skill level 8 in Unarmed Combat
  7106 | D:7      | Reached skill level 1 in Armour
  7378 | D:7      | Noticed a manticore
  7622 | D:7      | Found a shimmering blue altar of Sif Muna.
  7673 | D:7      | Noticed a swamp dragon
  7673 | D:7      | a manticore changed into a swamp dragon
  7674 | D:7      | Noticed a shining eye
  7674 | D:7      | a swamp dragon changed into a shining eye
  7686 | D:7      | Gained mutation: Your body sometimes deteriorates upon
                  | taking damage. [a shining eye]
  7692 | D:7      | Gained mutation: You are clumsy. (Dex -2) [a shining eye]
  7693 | D:7      | Gained mutation: Your spells are a little easier to cast,
                  | but a little less powerful. [a shining eye]
  7697 | D:7      | Killed a shining eye
  7698 | D:7      | Reached skill level 5 in Dodging
  7739 | D:6      | Bought a potion of mutation for 88 gold pieces
  7739 | D:6      | Lost mutation: Your spells are a little easier to cast, but
                  | a little less powerful. [potion of mutation]
  7739 | D:6      | Lost mutation: Your body sometimes deteriorates upon taking
                  | damage. [potion of mutation]
  7739 | D:6      | Lost mutation: You are clumsy. (Dex -2) [potion of
                  | mutation]
  7739 | D:6      | Gained mutation: You are dopey. (Int -2) [potion of
                  | mutation]
  7739 | D:6      | Gained mutation: You are strong-willed. (Will+) [potion of
                  | mutation]
  7919 | D:8      | HP: 1/72 [steam dragon] (4)]
  8134 | D:8      | Noticed a two-headed ogre
  8153 | D:8      | Killed a two-headed ogre
  8154 | D:8      | Gained mutation: You are mostly covered in molten scales.
                  | (AC +3) [demonic ancestry]
  8154 | D:8      | Reached XP level 10. HP: 32/79 MP: 9/13
  8453 | D:8      | Slain by an orc warrior

Illustrated notes

Levels and vault maps discovered:
D:1:      nzn_arrival_water_spiral, layout_rooms, minmay_stone_trees_medium,
          glass_columns_a, serial_park_tiny_1, chequers_serial_rivers_room_b
D:2:      layout_basic
D:3:      layout_rooms, chequers_ecumenical_altar_simple_redux,
          hangedman_abyss_or_decor_lesser_grid, kennysheep_donut
D:4:      kennysheep_spiral_hall, layout_basic, hangedman_decor_peaks_small,
          goddamned_bats
D:5:      minmay_opposing_rooms, layout_basic, pf_just_have_faith,
          lightli_ossuary_entry_decrepit_ruins, corexii_item_surrounded_by_moat
D:6:      layout_loops_corners, yredelemnul_altar_generic, serial_shops,
          nicolae_shop_waterfront, kennysheep_doodads, water_boxes_lemuel
D:7:      layout_rooms, led_sif_pool, minmay_temple_entry_trees
D:8:      kennysheep_six_static_rooms, layout_rooms, kennysheep_okawaru_gauntlet
Temple:   eino_temple_scatter_basement

Skill      XL: |  1  2  3  4  5  6  7  8  9 10 |
---------------+-------------------------------+-----
Unarmed Combat | 3 4 5 7 8 |  8.0
Stealth        | 1 2 3 4 5 |  5.0
Fighting       | 2 3 4 5 7 |  7.0
Short Blades   | 2 |  2.0
Dodging        | 2 5 6 |  6.0
Transmutations | 3 |  3.7
Armour         | 3 |  3.8
Spellcasting   | |  2.0

Action                   |  1- 3 |  4- 6 |  7- 9 | 10-12 || total
-------------------------+-------+-------+-------+-------++-------
Melee: Unarmed           |    20 |       |   238 |     7 ||   265
       Kick              |     7 |    30 |    87 |       ||   124
       Dagger            |    62 |   187 |    87 |       ||   336
       Punch             |     3 |     6 |    19 |       ||    28
       Headbutt          |     3 |    14 |    61 |     1 ||    79
 Fire: Hunting sling     |       |    31 |    99 |     6 ||   136
Throw: Dart              |     1 |     4 |    11 |       ||    16
 Cast: Beastly Appendage |    11 |    22 |    71 |     1 ||   105
Evoke: Wand              |       |       |     3 |       ||     3
  Use: Scroll            |       |     9 |    11 |       ||    20
       Potion            |       |       |     3 |       ||     3
 Stab: Sleeping          |     3 |     4 |     1 |       ||     8
       Paralysed         |     2 |    13 |    36 |       ||    51
Armor: Robe              |    12 |    90 |    23 |       ||   125
       Leather armour    |       |       |    45 |    10 ||    55
Dodge: Dodged            |    53 |   168 |   180 |    18 ||   419

Table legend: (Time is in decaauts)
 A = Elapsed time spent in this place.
 B = Non-inter-level travel time spent in this place.
 C = Inter-level travel time spent in this place.
 D = Time resting spent in this place.
 E = Time spent auto-exploring this place.
 F = Levels seen in this place.
 G = Mean time per level.
                   A        B        C        D        E       F      G
               +--------+--------+--------+--------+--------+-----+--------+
         Total |   8414 |   8189 |    225 |   1645 |   4151 |  10 |  841.4 |
       Dungeon |   7385 |   7174 |    211 |   1309 |   3978 |   8 |  923.1 |
        Temple |    356 |    342 |     14 |    133 |    166 |   1 |  356.0 |
       Ossuary |    671 |    671 |      0 |    203 |      7 |   1 |  671.0 |
               +--------+--------+--------+--------+--------+-----+--------+

Top non-repeatable levels by time:
     D:6: 1557 daAuts
     D:4: 1268 daAuts
     D:7: 1206 daAuts
     D:5: 843 daAuts
     D:2: 814 daAuts
 Ossuary: 671 daAuts
     D:1: 627 daAuts
     D:3: 610 daAuts
     D:8: 457 daAuts
  Temple: 356 daAuts
